 Dungeon Crawl Stone Soup version 0.30-a0-359-gd0147acb1a (webtiles) character file.

Game seed: 15624135207132477823

3007 avis the Skirmisher (level 9, -3/70 (71) HPs)
             Began as a Demigod Ice Elementalist on Nov 11, 2022.
             Slain by a wight
             ... wielding a +2 flail
              (12 damage)
             ... on level 7 of the Dungeon on Nov 12, 2022.
             The game lasted 00:54:35 (8509 turns).

avis the Skirmisher (Demigod Ice Elementalist)      Turns: 8509, Time: 00:54:35

HP:   -3/70 (71)    AC: 13    Str: 15    XL:     9   Next: 29%
MP:   2/20          EV: 12    Int: 17    God:
Gold: 166           SH:  0    Dex: 26    Spells: 11/18 levels left

rFire   . . .      SeeInvis .    D - +2 whip (flame)
rCold   . . .      Faith    .    (no shield)
rNeg    . . .      Spirit   .    z - +0 acid dragon scales
rPois   .          Reflect  .    (no helmet)
rElec   .          Harm     .    (no cloak)
rCorr   +          Rampage  .    B - +0 pair of gloves
Will    .....                    u - +0 pair of boots
Stlth   ++........               (no amulet)
HPRegen 0.31/turn                x - ring of flight
MPRegen 0.17/turn                y - +6 ring of strength

@: ice-armoured, flying, very slightly contaminated, lightly drained
A: high MP 1, forlorn, divine attributes
a: no special abilities


You were on level 7 of the Dungeon.
You visited 2 branches of the dungeon, and saw 8 of its levels.

You collected 379 gold pieces.
You spent 213 gold pieces at shops.

Inventory:

Hand Weapons
 a - a +2 dagger of venom
 b - a +0 sling
 D - a +2 whip of flaming (weapon)
Missiles
 d - 5 boomerangs
 l - 28 poisoned darts
 s - 4 atropa-tipped darts
Armour
 t - a +0 robe
 u - a +0 pair of boots (worn)
 z - +0 acid dragon scales (worn)
 B - a +0 pair of gloves (worn)
Jewellery
 x - a ring of flight (left hand)
 y - a +6 ring of strength (right hand)
Wands
 i - a wand of polymorph (7)
Scrolls
 e - 4 scrolls of vulnerability {unknown}
 f - a scroll of acquirement {unknown}
 g - 2 scrolls of magic mapping
 j - 4 scrolls of teleportation {unknown}
 n - 2 scrolls of poison {unknown}
 p - a scroll of blinking
 r - 2 scrolls of noise {unknown}
 w - 2 scrolls of identify
 E - a scroll of enchant armour {unknown}
Potions
 c - 3 potions of curing
 h - a potion of magic
 k - a potion of heal wounds {unknown}
 m - a potion of invisibility
 o - a potion of cancellation
 q - a potion of degeneration {unknown}
 v - 2 potions of haste
 A - a potion of mutation
 C - a potion of brilliance {unknown}


   Skills:
 - Level 4.0 Fighting
 * Level 8.7 Ranged Weapons
 - Level 2.0 Armour
 - Level 2.0 Dodging
 - Level 2.0 Stealth
 - Level 5.0 Spellcasting
 - Level 6.0 Ice Magic


You had 11 spell levels left.
You knew the following spells:

 Your Spells              Type           Power      Damage    Failure   Level
a - Freeze                Ice            96%        1d10      1%          1
o - Ozocubu's Armour      Ice            24%        N/A       4%          3
r - Frozen Ramparts       Ice            48%        1d8       4%          3

Your spell library contained the following spells:

 Spells                   Type           Power      Damage    Failure   Level
 Blink                    Tloc           8%         N/A       30%         2
 Momentum Strike          Conj/Tloc      8%         3d8       30%         2
 Sublimation of Blood     Necr           4%         N/A       30%         2
 Wereblood                Tmut           4%         N/A       30%         2
 Summon Ice Beast         Ice/Summ       14%        N/A       50%         4
 Call Canine Familiar     Summ           4%         N/A       52%         3
 Lesser Beckoning         Tloc           8%         N/A       52%         3
 Portal Projectile        Hex/Tloc       8%         N/A       52%         3
 Stone Arrow              Conj/Erth      8%         3d7       52%         3
 Animate Armour           Summ/Erth      8%         N/A       89%         4
 Animate Dead             Necr           4%         N/A       89%         4
 Leda's Liquefaction      Hex/Erth       2%         N/A       89%         4
 Haunt                    Necr/Summ      2%         N/A       100%        7
 Summon Hydra             Summ           2%         N/A       100%        7
 Infestation              Necr           2%         N/A       100%        8
 Lehudib's Crystal Spear  Conj/Erth      2%         10d2      100%        8


Dungeon Overview and Level Annotations

Branches:
Dungeon (7/15)             Temple (1/1) D:5

Shops:
D:3 [   D:4 [=*:


Innate Abilities, Weirdness & Mutations

You have an increased reservoir of magic. (+10% MP)
You shall have no god before yourself.
Your divine heritage dramatically boosts your attributes as you level up.


Message History

The wall freezes the bullfrog.
The bullfrog seems to slow down.
The wall freezes the bullfrog!
The bullfrog seems to slow down.
The wall freezes the bullfrog!
You kill the bullfrog!
The wall freezes something.
Reactivating autopickup.
You feel a bit more experienced.
The wight resists.
The wall freezes the wight.
The wight misses you.
Your life force feels restored.
You hit the wight. You burn the wight.
The wight is moderately damaged.
The wight completely resists.
The wall freezes the wight but does no damage.
The wight hits you but does no damage.
You closely miss the wight.
The wight is moderately damaged.
The frozen ramparts melt away.
The wight hits you with a +2 flail.
* * * LOW HITPOINT WARNING * * *
You feel drained.
* * * LOW HITPOINT WARNING * * *
Casting: Frozen Ramparts (dangerous; 4% risk of failure)
Confirm with . or Enter, or press ? or * to list all spells.
You miscast Ozocubu's Armour.
You are very lightly contaminated with residual magic.
Nothing appears to happen.
The wight hits you with a +2 flail.
* * * LOW HITPOINT WARNING * * *
Casting: Ozocubu's Armour (dangerous; 4% risk of failure)
Confirm with . or Enter, or press ? or * to list all spells.
A film of ice covers your body! The wight hits you with a +2 flail!
* * * LOW HITPOINT WARNING * * *
You feel better. The wight hits you with a +2 flail.
* * * LOW HITPOINT WARNING * * *
An ogre comes into view. It is wielding a +0 giant club.
You closely miss the wight.
The wight is moderately damaged.
The wight misses you.
You hit the wight. You burn the wight.
The wight is heavily damaged.
The wight hits you with a +2 flail!
You die...

.. # #. #...
### .#. #..
.O #.# #o
#.#
#z#######
##.##
#)@.....#
#...##
#######.#
#.#.# #.#
#.# #...#
#.# #.#
#.##.<# #.#
#.# #...##
#.# #.#
###.# #.#
#.# #.# #.#
#.# #.# #.#
##########.#
#.#


You could see an ogre, a wight and an orc.

Vanquished Creatures
  Pikel (D:6)
  Grinder (D:6)
  A steam dragon (D:7)
  Edmund (D:5)
  An acid dragon (D:6)
  A water moccasin (D:7)
  Duvessa (D:5)
  An ice beast (D:5)
  2 ogres (D:5)
  2 black bears
  4 lemures (D:6)
  2 bullfrogs (D:7)
  8 scorpions
  3 wights (D:7)
  Dowan (D:5)
  2 orc priests
  3 hounds
  2 iguanas (D:5)
  7 orc wizards
  6 adders
  2 white imps
  3 worms (D:2)
  2 dart slugs
  18 orcs
  7 ball pythons
  6 endoplasms
  3 giant cockroaches
  14 goblins
  5 hobgoblins
  6 jackals (D:1)
  6 kobolds
  4 quokkas (D:1)
  5 bats
  5 frilled lizards
  6 rats
142 creatures vanquished.

Notes
Turn   | Place    | Note
-------+----------+-------------------------------------------
     0 | D:1      | avis the Demigod Ice Elementalist began the quest for the
                  | Orb.
     0 | D:1      | Reached XP level 1. HP: 14/14 MP: 5/5
   272 | D:1      | Reached XP level 2. HP: 8/20 MP: 2/7
  1254 | D:2      | Reached XP level 3. HP: 26/27 MP: 2/9
  1335 | D:2      | Reached skill level 1 in Fighting
  1339 | D:2      | Learned a level 3 spell: Frozen Ramparts
  1343 | D:2      | Learned a level 3 spell: Ozocubu's Armour
  2947 | D:3      | Reached XP level 4. HP: 33/35 MP: 4/11
  3315 | D:3      | Found Diontoiqo's Armour Boutique.
  3320 | D:3      | Bought a +0 pair of boots for 54 gold pieces
  3606 | D:4      | Found Losteap's Antique Armour Shop.
  3675 | D:4      | Reached XP level 5. HP: 37/41 MP: 3/12
  3767 | D:4      | Found Sejyuz's Jewellery Emporium.
  3827 | D:4      | Reached skill level 5 in Ice Magic
  3949 | D:4      | Found Rakot's General Store.
  3963 | D:4      | Bought 2 scrolls of identify for 44 gold pieces
  3963 | D:4      | Bought a potion of curing for 33 gold pieces
  3963 | D:4      | Bought a scroll of magic mapping for 82 gold pieces
  4204 | D:4      | Found Viskyame's Book Emporium.
  4653 | D:5      | Entered Level 5 of the Dungeon
  4728 | D:5      | Noticed Edmund
  4746 | D:5      | Killed Edmund
  4747 | D:5      | Reached skill level 2 in Ranged Weapons
  4747 | D:5      | Reached XP level 6. HP: 17/48 MP: 7/15
  5128 | D:5      | Found a staircase to the Ecumenical Temple.
  5184 | D:5      | Reached skill level 3 in Ranged Weapons
  5217 | D:5      | Reached XP level 7. HP: 31/55 MP: 7/16
  5367 | D:5      | Reached skill level 4 in Ranged Weapons
  5754 | D:5      | Noticed Duvessa
  5781 | D:5      | Killed Duvessa
  5782 | D:5      | Reached skill level 5 in Ranged Weapons
  5783 | D:5      | Noticed Dowan
  5789 | D:5      | Killed Dowan
  6058 | D:5      | Reached XP level 8. HP: 61/61 MP: 10/17
  6392 | Temple   | Entered the Ecumenical Temple
  6435 | D:6      | Reached skill level 6 in Ranged Weapons
  6995 | D:6      | HP: 1/63 [acid dragon/splash of acid (30)]
  7207 | D:6      | Noticed Grinder
  7219 | D:6      | Paralysed by Grinder for 3 turns
  7241 | D:6      | Paralysed by Grinder for 3 turns
  7249 | D:6      | Killed Grinder
  7250 | D:6      | Reached skill level 7 in Ranged Weapons
  7506 | D:6      | Noticed Pikel
  7606 | D:6      | Killed Pikel
  7607 | D:6      | Reached skill level 8 in Ranged Weapons
  8458 | D:7      | Reached XP level 9. HP: 70/71 MP: 11/18
  8485 | D:7      | Reached skill level 5 in Spellcasting
  8506 | D:7      | HP: 2/70 [wight/+2 flail (10)]
  8509 | D:7      | Slain by a wight

Illustrated notes

Levels and vault maps discovered:
D:1:      saegor_arrival_simple_d, layout_loops_cross, serial_forest,
          infiniplex_forest_fountain, infiniplex_forest_lined_room_3,
          infiniplex_forest_lined_2, infiniplex_forest_clump_curved,
          infiniplex_forest_lined_ring, infiniplex_forest_join,
          minmay_pentomino_r4
D:2:      layout_basic, minmay_misc_feat_rugged, mrwooster_statue_mirror,
          minivault_23, minmay_strange_pillars, hex_intersection,
          chequers_mini_garden
D:3:      layout_rooms, serial_shops, nicolae_shop_hallway_plus,
          kennysheep_big_empty_room, dk_noncrumbling_3
D:4:      layout_cave_pools, chequers_temple_overflow_statue_of_worship,
          serial_shops, shop, nicolae_stop_n_shop_2, nicolae_lakefront_shop,
          shop, st_stairs_3, minmay_goblin_kobold_house
D:5:      layout_basic, zin_academy, temple_pool_b, uniq_edmund, uniq_duvessa
D:6:      layout_cave_pods, nicolae_qazlal_general_emergency, uniq_pikel,
          uniq_grinder
D:7:      layout_loops_ring, general_overflow_altar, minmay_fractal_squares_5
Temple:   regret_index_temple_sphere_string

Skill      XL: |  1  2  3  4  5  6  7  8  9 |
---------------+----------------------------+-----
Ice Magic      | 4 5 6 |  6.0
Spellcasting   | 2 3 4 5 |  5.0
Fighting       | 1 2 4 |  4.0
Ranged Weapons | 2 3 5 8 |  8.7
Dodging        | 2 |  2.0
Stealth        | 2 |  2.0
Armour         | 2 |  2.0

Action                   |  1- 3 |  4- 6 |  7- 9 || total
-------------------------+-------+-------+-------++-------
Melee: Unarmed           |    18 |       |       ||    18
       Dagger            |    25 |    38 |    77 ||   140
       Short sword       |       |    11 |       ||    11
       Punch             |       |     1 |     1 ||     2
       Whip              |       |       |     7 ||     7
 Fire: Sling             |       |    23 |   111 ||   134
 Cast: Freeze            |    58 |     5 |       ||    63
       Frozen Ramparts   |     8 |    15 |    32 ||    55
       Ozocubu's Armour  |     6 |    12 |    19 ||    37
  Use: Scroll            |       |     8 |       ||     8
       Potion            |       |       |     2 ||     2
 Stab: Sleeping          |     1 |     3 |       ||     4
Armor: Robe              |    19 |    17 |    26 ||    62
       Acid dragon scale |       |       |    26 ||    26
Dodge: Dodged            |    65 |    44 |    61 ||   170

Table legend: (Time is in decaauts)
 A = Elapsed time spent in this place.
 B = Non-inter-level travel time spent in this place.
 C = Inter-level travel time spent in this place.
 D = Time resting spent in this place.
 E = Time spent auto-exploring this place.
 F = Levels seen in this place.
 G = Mean time per level.
                   A        B        C        D        E       F      G
               +--------+--------+--------+--------+--------+-----+--------+
         Total |   8512 |   7728 |    784 |   2566 |   3494 |   8 | 1064.0 |
       Dungeon |   8501 |   7718 |    783 |   2566 |   3494 |   7 | 1214.4 |
        Temple |     11 |     11 |      0 |      0 |      0 |   1 |   11.0 |
               +--------+--------+--------+--------+--------+-----+--------+

Top non-repeatable levels by time:
     D:6: 1808 daAuts
     D:5: 1590 daAuts
     D:2: 1466 daAuts
     D:1: 1211 daAuts
     D:4: 1125 daAuts
     D:3: 1037 daAuts
     D:7: 262 daAuts
  Temple: 11 daAuts
